[Event "12th Arad Open 2019"]
[Site "Arad"]
[Date "2019.07.26"]
[Round "4.14"]
[White "Banzea, Alexandru-Bogdan"]
[Black "Vasiesiu, Victor"]
[Result "1-0"]
[ECO "C11"]
[WhiteElo "2405"]
[BlackElo "2269"]
[Annotator "NA"]
[PlyCount "75"]
[EventDate "2019.07.24"]
[EventType "swiss"]
[EventCountry "ROU"]
[SourceTitle "playchess.com"]
[Source "ChessBase"]
[SourceQuality "1"]
[TimeControl "40/5400+30:900+30"]

1. e4 e6 2. d4 d5 3. Nc3 Nf6 4. e5 Nfd7 5. f4 c5 6. Nf3 Nc6 7. Be3 Be7 8. Qd2 O-O 9. dxc5 Qa5 10. a3 Bxc5 11. Bxc5 Nxc5 12. O-O-O Rd8 13. Qe3 Qb6 14. Nd4 Ne4 15. Be2 Nxc3 16. Qxc3 Bd7 17. Kb1 Rac8 18. Qe3 Nxd4 19. Qxd4 Qa5 20. Rc1 Bb5 21. Bxb5 Qxb5 22. Qxa7 d4 23. Rhd1 Qd5 24. g3 b5 25. Qa5 g6 26. Rd3 Ra8 27. Qd2 Kg7 28. Rd1 Ra4 29. g4 Qc5 30. Re1 b4 31. f5 bxa3 32. b3 Ra7 33. Rh3 a2+ 34. Ka1 Rh8 35. Qh6+ Kg8 36. f6 Qf8 37. g5 Rc7 38. Rd3 1-0

[Event "12th Arad Open 2019"]
[Site "Arad"]
[Date "2019.07.26"]
[Round "4.15"]
[White "Marjanovic, Annamaria"]
[Black "Kantorik, Marian"]
[Result "1/2-1/2"]
[ECO "A15"]
[WhiteElo "2343"]
[BlackElo "2196"]
[Annotator "NA"]
[PlyCount "38"]
[EventDate "2019.07.24"]
[EventType "swiss"]
[EventCountry "ROU"]
[SourceTitle "playchess.com"]
[Source "ChessBase"]
[SourceQuality "1"]
[TimeControl "40/5400+30:900+30"]

1. c4 Nf6 2. g3 e6 3. Bg2 d5 4. Nf3 d4 5. O-O c5 6. e3 Nc6 7. Re1 Bd6 8. exd4 cxd4 9. d3 h6 10. b3 O-O 11. Ba3 Re8 12. c5 Bc7 13. b4 a6 14. Nbd2 e5 15. Nc4 Nd5 16. Qb3 Be6 17. Nfd2 f5 18. Qb2 Bf7 19. Qb3 Nf6 1/2-1/2

[Event "12th Arad Open 2019"]
[Site "Arad"]
[Date "2019.07.26"]
[Round "4.16"]
[White "Talmaci, Chiril"]
[Black "Bonte, Andrei-Mihai"]
[Result "0-1"]
[ECO "E10"]
[WhiteElo "1731"]
[BlackElo "2337"]
[Annotator "NA"]
[PlyCount "94"]
[EventDate "2019.07.24"]
[EventType "swiss"]
[EventCountry "ROU"]
[SourceTitle "playchess.com"]
[Source "ChessBase"]
[SourceQuality "1"]
[TimeControl "40/5400+30:900+30"]

1. d4 Nf6 2. c4 e6 3. Nf3 d5 4. e3 Be7 5. Nc3 O-O 6. Qc2 a6 7. Bd3 dxc4 8. Bxc4 c5 9. dxc5 Bxc5 10. O-O b5 11. Bd3 Bb7 12. Ne4 Nxe4 13. Bxe4 Bxe4 14. Qxe4 Nd7 15. b3 Nf6 16. Qh4 Nd5 17. Qxd8 Rfxd8 18. Bb2 Rac8 19. Rac1 Nxe3 20. Rxc5 Nxf1 21. Rxc8 Rxc8 22. Kxf1 Rc2 23. Bd4 Rxa2 24. b4 f6 25. Bc5 e5 26. Ke1 Kf7 27. Nd2 Ke6 28. Ne4 a5 29. Nc3 Rc2 30. Nxb5 Kd5 31. Kd1 Rc4 32. Bf8 axb4 33. Bxg7 Rc5 34. Bxf6 Rxb5 35. Kc2 Kc4 36. g4 b3+ 37. Kb2 Kd3 38. Bg5 Ke2 39. Be3 Kf3 40. g5 Kg4 41. Bc1 e4 42. Be3 Kh3 43. Bf4 Kg2 44. Bg3 Rxg5 45. Bf4 Rf5 46. Be3 Rxf2+ 47. Kxb3 Rf3 0-1

[Event "12th Arad Open 2019"]
[Site "Arad"]
[Date "2019.07.26"]
[Round "4.17"]
[White "Ciorgovean, Iustin"]
[Black "Ghimpu, Samuel-Timotei"]
[Result "1-0"]
[ECO "D85"]
[WhiteElo "2330"]
[BlackElo "2193"]
[Annotator "NA"]
[PlyCount "63"]
[EventDate "2019.07.24"]
[EventType "swiss"]
[EventCountry "ROU"]
[SourceTitle "playchess.com"]
[Source "ChessBase"]
[SourceQuality "1"]
[TimeControl "40/5400+30:900+30"]

1. d4 Nf6 2. c4 g6 3. Nc3 d5 4. cxd5 Nxd5 5. e4 Nxc3 6. bxc3 Bg7 7. Nf3 c5 8. Be3 Qa5 9. Qd2 O-O 10. Rc1 cxd4 11. cxd4 Qxd2+ 12. Nxd2 Nc6 13. Nb3 Rd8 14. d5 Ne5 15. Be2 f5 16. f3 fxe4 17. fxe4 e6 18. Bg5 Re8 19. d6 Bd7 20. Rc7 Rec8 21. Rxb7 Bc6 22. Rc7 Rxc7 23. dxc7 Nf7 24. Bd2 Nd6 25. Nc5 Kf7 26. O-O+ Kg8 27. Nxe6 Rc8 28. Nxg7 Kxg7 29. Bf4 Bb5 30. Be5+ Kg8 31. Bxb5 Nxb5 32. a4 1-0

[Event "12th Arad Open 2019"]
[Site "Arad"]
[Date "2019.07.26"]
[Round "4.18"]
[White "Magold, Victor"]
[Black "Ardeleanu, Alin"]
[Result "0-1"]
[ECO "A46"]
[WhiteElo "1962"]
[BlackElo "2323"]
[Annotator "NA"]
[PlyCount "120"]
[EventDate "2019.07.24"]
[EventType "swiss"]
[EventCountry "ROU"]
[SourceTitle "playchess.com"]
[Source "ChessBase"]
[SourceQuality "1"]
[TimeControl "40/5400+30:900+30"]

1. d4 Nf6 2. Nf3 c5 3. g3 g6 4. Bg2 Bg7 5. O-O cxd4 6. Nxd4 O-O 7. c4 Nc6 8. Nc3 Qa5 9. Nc2 d6 10. Rb1 Ne5 11. Ne3 Be6 12. Qb3 Rab8 13. Ncd5 Rfe8 14. Nxf6+ Bxf6 15. Bd5 Bxd5 16. Nxd5 Rec8 17. Nxf6+ exf6 18. Bf4 Qa6 19. Bxe5 fxe5 20. Rbc1 Rc6 21. Rfd1 Rbc8 22. a3 Rc5 23. Rc3 Qc6 24. Rcd3 Rd8 25. Rd5 Rxc4 26. Rxd6 Rxd6 27. Rxd6 Rc1+ 28. Rd1 Qb6 29. Qd3 Qxb2 30. Rxc1 Qxc1+ 31. Kg2 Qc6+ 32. f3 a6 33. Qe3 Qb5 34. g4 h6 35. h4 Kh7 36. h5 gxh5 37. gxh5 Kg7 38. Qe4 Qb2 39. Qg4+ Kf8 40. Qc8+ Kg7 41. Qg4+ Kf6 42. Qh4+ Ke6 43. Qc4+ Ke7 44. Qc5+ Kf6 45. Qe3 Kg7 46. Qe4 b5 47. Qg4+ Kf6 48. Qh4+ Ke6 49. Qe4 Qxa3 50. Qc6+ Qd6 51. Qe8+ Kf6 52. e4 Kg7 53. Qc8 b4 54. Kg3 a5 55. Qg4+ Kf6 56. Qh4+ Ke6 57. Qh3+ Ke7 58. Qc8 a4 59. Qb7+ Kf6 60. Qc8 a3 0-1

[Event "12th Arad Open 2019"]
[Site "Arad"]
[Date "2019.07.26"]
[Round "4.21"]
[White "Fluerariu, Radu-Cristian"]
[Black "Gheorghiu, Calin"]
[Result "1-0"]
[ECO "A13"]
[WhiteElo "2021"]
[BlackElo "2345"]
[Annotator "NA"]
[PlyCount "111"]
[EventDate "2019.07.24"]
[EventType "swiss"]
[EventCountry "ROU"]
[SourceTitle "playchess.com"]
[Source "ChessBase"]
[SourceQuality "1"]
[TimeControl "40/5400+30:900+30"]

1. c4 e6 2. Nf3 Nf6 3. e3 d5 4. b3 g6 5. Bb2 Bg7 6. g3 O-O 7. Bg2 a5 8. O-O a4 9. cxd5 exd5 10. bxa4 Bd7 11. Nc3 Nc6 12. d3 d4 13. Nxd4 Nxd4 14. exd4 Bg4 15. Qc2 c6 16. h3 Be6 17. Rfd1 Qc8 18. Kh2 Ra5 19. Ne2 Bd5 20. Bc3 Bxg2 21. Kxg2 Rh5 22. Nf4 Rh6 23. Rh1 g5 24. Ne2 Qe6 25. Rae1 Qd5+ 26. Kg1 Re8 27. Bd2 Ng4 28. Nc3 Rxe1+ 29. Bxe1 Qf3 30. Qe2 Qxe2 31. Nxe2 Re6 32. Kf1 Nh6 33. Bd2 Nf5 34. Bxg5 Nxd4 35. Be3 c5 36. Bxd4 cxd4 37. Nf4 Ra6 38. Kg2 Rxa4 39. Rb1 Ra7 40. a4 Kf8 41. Rb4 Ke8 42. Ne2 Ra5 43. Nxd4 Rd5 44. Nc2 Rxd3 45. Rxb7 Rd2 46. Ne3 Bd4 47. Kf3 Ra2 48. Rb4 Bxe3 49. Kxe3 Kf8 50. Rf4 Kg7 51. Kd3 Kg6 52. Kc3 h5 53. h4 f5 54. Kb3 Ra1 55. Kb4 Kf6 56. Kb5 1-0

[Event "12th Arad Open 2019"]
[Site "Arad"]
[Date "2019.07.26"]
[Round "4.22"]
[White "Dobre, Claudiu-Cristian"]
[Black "Albu, George"]
[Result "0-1"]
[ECO "E94"]
[WhiteElo "2340"]
[BlackElo "2014"]
[Annotator "NA"]
[PlyCount "154"]
[EventDate "2019.07.24"]
[EventType "swiss"]
[EventCountry "ROU"]
[SourceTitle "playchess.com"]
[Source "ChessBase"]
[SourceQuality "1"]
[TimeControl "40/5400+30:900+30"]

1. c4 Nf6 2. Nc3 g6 3. d4 Bg7 4. Nf3 O-O 5. e4 d6 6. Be2 e5 7. O-O exd4 8. Nxd4 Re8 9. f3 c6 10. Bf4 Nh5 11. Be3 f5 12. Qd2 f4 13. Bf2 a5 14. Rad1 Be5 15. Nc2 Qe7 16. Bd4 Nd7 17. Na4 Ng7 18. Bxe5 dxe5 19. Qd6 Ne6 20. Qxe7 Rxe7 21. c5 Nexc5 22. Nxc5 Nxc5 23. Rd8+ Kg7 24. Rfd1 Ne6 25. R8d6 Nc7 26. Na3 Be6 27. Bc4 a4 28. Bxe6 Nxe6 29. Nc4 Nf8 30. R1d3 Ra6 31. Rd8 b5 32. Nd6 Ne6 33. Ne8+ Kf7 34. Nd6+ Kf6 35. Ne8+ Kg5 36. Rc8 Nd4 37. Nd6 c5 38. Rd8 c4 39. Rd1 a3 40. bxa3 c3 41. Kf1 c2 42. Rc1 Rxa3 43. Rb8 Rd7 44. Nxb5 Nxb5 45. Rxc2 Nd4 46. Rc5 Re7 47. Rd8 Kf6 48. Rd6+ Kf7 49. Rdd5 Rxa2 50. Rxe5 Rxe5 51. Rxe5 Nc2 52. g3 Ne3+ 53. Ke1 Rxh2 54. gxf4 Nc2+ 55. Kf1 Nd4 56. Ra5 Nxf3 57. Ra7+ Ke6 58. Ra6+ Ke7 59. Ra3 Nd2+ 60. Kg1 Rh4 61. Ra7+ Kf8 62. f5 Nxe4 63. fxg6 hxg6 64. Kg2 Rf4 65. Kh3 g5 66. Rb7 Nf6 67. Rb5 g4+ 68. Kh4 Ne4 69. Rb8+ Kg7 70. Re8 Kg6 71. Rg8+ Kf5 72. Rf8+ Nf6 73. Ra8 Rf1 74. Ra5+ Kf4 75. Ra1 Rf3 76. Rh1 Ne4 77. Rh2 Ng5 0-1

[Event "12th Arad Open 2019"]
[Site "Arad"]
[Date "2019.07.26"]
[Round "4.23"]
[White "Breitkopf, Francisc"]
[Black "Balla, Tamas-Kristof"]
[Result "1/2-1/2"]
[ECO "A21"]
[WhiteElo "1994"]
[BlackElo "2336"]
[Annotator "NA"]
[PlyCount "25"]
[EventDate "2019.07.24"]
[EventType "swiss"]
[EventCountry "ROU"]
[SourceTitle "playchess.com"]
[Source "ChessBase"]
[SourceQuality "1"]
[TimeControl "40/5400+30:900+30"]

1. c4 e5 2. Nc3 f5 3. e4 d6 4. d3 Nf6 5. Nge2 Be6 6. Ng3 f4 7. Nge2 c6 8. g3 g5 9. h4 f3 10. hxg5 fxe2 11. Bxe2 Ng8 12. Bh5+ Kd7 13. d4 1/2-1/2

[Event "12th Arad Open 2019"]
[Site "Arad"]
[Date "2019.07.26"]
[Round "4.24"]
[White "Patrascu, Catalin-Lucian"]
[Black "Secrieru, Andrei-Cristian"]
[Result "1-0"]
[ECO "A04"]
[WhiteElo "2292"]
[BlackElo "1968"]
[Annotator "NA"]
[PlyCount "51"]
[EventDate "2019.07.24"]
[EventType "swiss"]
[EventCountry "ROU"]
[SourceTitle "playchess.com"]
[Source "ChessBase"]
[SourceQuality "1"]
[TimeControl "40/5400+30:900+30"]

1. Nf3 c5 2. c4 Nc6 3. e3 e6 4. b3 Nf6 5. Bb2 Be7 6. Nc3 O-O 7. d4 cxd4 8. Nxd4 Nxd4 9. Qxd4 b6 10. Be2 Bb7 11. O-O Bc5 12. Qd3 Qe7 13. Rad1 d5 14. cxd5 Nxd5 15. Bf3 Nf6 16. Bxb7 Qxb7 17. e4 Rfc8 18. e5 Ne8 19. Ne4 Be7 20. Qf3 Qc6 21. Rd3 Qc2 22. Rd7 Rc7 23. Nf6+ gxf6 24. Qxa8 Rxd7 25. Qxe8+ Bf8 26. Ba3 1-0

[Event "12th Arad Open 2019"]
[Site "Arad"]
[Date "2019.07.26"]
[Round "4.25"]
[White "Sandor, Tamas"]
[Black "Dicu, Razvan-Stefan"]
[Result "0-1"]
[ECO "C08"]
[WhiteElo "1964"]
[BlackElo "2286"]
[Annotator "NA"]
[PlyCount "54"]
[EventDate "2019.07.24"]
[EventType "swiss"]
[EventCountry "ROU"]
[SourceTitle "playchess.com"]
[Source "ChessBase"]
[SourceQuality "1"]
[TimeControl "40/5400+30:900+30"]

1. e4 e6 2. d4 d5 3. Nd2 c5 4. exd5 exd5 5. Ngf3 Nf6 6. Bb5+ Bd7 7. Bxd7+ Nbxd7 8. O-O Be7 9. dxc5 Nxc5 10. Nb3 Nce4 11. Nfd4 Qd7 12. f3 Nd6 13. Nc5 Qc7 14. Nd3 O-O 15. b3 Rfe8 16. Be3 Rac8 17. Re1 Bf8 18. Qd2 g6 19. Qf2 Bg7 20. Bf4 Qb6 21. Be5 Nde4 22. Qe3 Rxe5 23. Nxe5 Rc3 24. Qe2 Qxd4+ 25. Kh1 Nf2+ 26. Kg1 N2g4+ 27. Kh1 Re3 0-1

[Event "12th Arad Open 2019"]
[Site "Arad"]
[Date "2019.07.26"]
[Round "4.26"]
[White "Nastase, Robert-Paul"]
[Black "Nedelcu, Teodor-Cosmin"]
[Result "0-1"]
[ECO "B44"]
[WhiteElo "2283"]
[BlackElo "1963"]
[Annotator "NA"]
[PlyCount "66"]
[EventDate "2019.07.24"]
[EventType "swiss"]
[EventCountry "ROU"]
[SourceTitle "playchess.com"]
[Source "ChessBase"]
[SourceQuality "1"]
[TimeControl "40/5400+30:900+30"]

1. e4 c5 2. Nf3 e6 3. d4 cxd4 4. Nxd4 Nc6 5. Nb5 Nf6 6. N1c3 Bb4 7. a3 Bxc3+ 8. Nxc3 O-O 9. Qd6 Ne8 10. Qg3 d5 11. exd5 exd5 12. Bd3 Qe7+ 13. Kf1 Be6 14. Bf4 Rd8 15. h4 Nf6 16. h5 d4 17. Ne2 Bg4 18. h6 Bxe2+ 19. Bxe2 g6 20. Bd3 Rfe8 21. Qh4 Nd5 22. Bg5 f6 23. Bd2 Ne5 24. Re1 Qc5 25. Be4 Re6 26. b3 Rde8 27. Rh3 f5 28. Bd3 Nxd3 29. Rxe6 Rxe6 30. g4 N3f4 31. gxf5 Qb5+ 32. Rd3 Nxd3 33. fxe6 N3f4+ 0-1

[Event "12th Arad Open 2019"]
[Site "Arad"]
[Date "2019.07.26"]
[Round "4.27"]
[White "Pop, Alexandru"]
[Black "Martin Perez, Javier"]
[Result "1-0"]
[ECO "D45"]
[WhiteElo "2276"]
[BlackElo "1961"]
[Annotator "NA"]
[PlyCount "87"]
[EventDate "2019.07.24"]
[EventType "swiss"]
[EventCountry "ROU"]
[SourceTitle "playchess.com"]
[Source "ChessBase"]
[SourceQuality "1"]
[TimeControl "40/5400+30:900+30"]

1. d4 d5 2. c4 c6 3. Nc3 Nf6 4. e3 e6 5. Nf3 Nbd7 6. Qc2 Bd6 7. Bd3 O-O 8. O-O h6 9. Rd1 Qe7 10. e4 dxe4 11. Nxe4 Nxe4 12. Bxe4 e5 13. Be3 exd4 14. Bxd4 Nc5 15. Bf5 Bxf5 16. Qxf5 Qe4 17. Qxe4 Nxe4 18. Be3 Bc5 19. Bxc5 Nxc5 20. b4 Na6 21. a3 Rad8 22. Kf1 Rfe8 23. Rxd8 Rxd8 24. Ke2 Kf8 25. Rd1 Rxd1 26. Kxd1 Nc7 27. Kd2 Ke7 28. Nd4 Ne6 29. Nf5+ Kd7 30. Ke3 b6 31. g4 a6 32. h4 c5 33. bxc5 bxc5 34. Ke4 Kc6 35. Ke5 Kb6 36. Nxg7 Nxg7 37. Kf6 Ne8+ 38. Ke7 Nc7 39. g5 hxg5 40. h5 Nb5 41. h6 Nxa3 42. h7 Nxc4 43. h8=Q Kb5 44. Qc3 1-0

[Event "12th Arad Open 2019"]
[Site "Arad"]
[Date "2019.07.26"]
[Round "4.28"]
[White "Lyell, Mark"]
[Black "Bucur, Denisa-Andreea"]
[Result "1/2-1/2"]
[ECO "B23"]
[WhiteElo "2216"]
[BlackElo "1943"]
[Annotator "NA"]
[PlyCount "44"]
[EventDate "2019.07.24"]
[EventType "swiss"]
[EventCountry "ROU"]
[SourceTitle "playchess.com"]
[Source "ChessBase"]
[SourceQuality "1"]
[TimeControl "40/5400+30:900+30"]

1. e4 c5 2. Nc3 g6 3. f4 Bg7 4. Nf3 Nc6 5. Bb5 Nd4 6. a4 Nxb5 7. axb5 d6 8. O-O Nf6 9. d3 O-O 10. Qe1 e6 11. e5 Nd7 12. exd6 Qb6 13. f5 exf5 14. Nd5 Qxd6 15. c4 Ne5 16. Bf4 f6 17. b4 b6 18. bxc5 bxc5 19. Qg3 Bb7 20. Nxf6+ Bxf6 21. Nxe5 Qd4+ 22. Kh1 Rfe8 1/2-1/2

[Event "12th Arad Open 2019"]
[Site "Arad"]
[Date "2019.07.26"]
[Round "4.29"]
[White "Pasti, Aron"]
[Black "Pislariu, Stefanel-Vasilica"]
[Result "1-0"]
[ECO "C17"]
[WhiteElo "2209"]
[BlackElo "1934"]
[Annotator "NA"]
[PlyCount "92"]
[EventDate "2019.07.24"]
[EventType "swiss"]
[EventCountry "ROU"]
[SourceTitle "playchess.com"]
[Source "ChessBase"]
[SourceQuality "1"]
[TimeControl "40/5400+30:900+30"]

1. e4 e6 2. d4 d5 3. Nc3 Bb4 4. e5 c5 5. Bd2 Bxc3 6. Bxc3 b6 7. Qg4 g6 8. Nf3 Ba6 9. Bxa6 Nxa6 10. O-O Ne7 11. Bd2 h6 12. c3 Nc7 13. dxc5 bxc5 14. Be3 c4 15. b3 Nb5 16. Rac1 Rc8 17. a4 Na3 18. b4 Qd7 19. Nd4 Nc6 20. Nxc6 Qxc6 21. Qd1 a5 22. b5 Nxb5 23. axb5 Qxb5 24. Rb1 Qd7 25. Qc1 O-O 26. Bxh6 Rfe8 27. Bg5 f5 28. exf6 e5 29. f4 e4 30. f5 gxf5 31. Qf4 Kf7 32. Qxf5 Qxf5 33. Rxf5 Ke6 34. g4 Rb8 35. Rxb8 Rxb8 36. f7 Rf8 37. Bh6 Rxf7 38. Rxf7 Kxf7 39. Kf2 a4 40. Bc1 Kg6 41. h4 Kf6 42. Ke3 Kg6 43. Kd4 Kf6 44. Kxd5 e3 45. Bxe3 a3 46. Bc1 a2 1-0

[Event "12th Arad Open 2019"]
[Site "Arad"]
[Date "2019.07.26"]
[Round "4.30"]
[White "Kersten, Julian"]
[Black "Martian, Dragos-Daniel"]
[Result "1-0"]
[ECO "A45"]
[WhiteElo "1951"]
[BlackElo "2201"]
[Annotator "NA"]
[PlyCount "65"]
[EventDate "2019.07.24"]
[EventType "swiss"]
[EventCountry "ROU"]
[SourceTitle "playchess.com"]
[Source "ChessBase"]
[SourceQuality "1"]
[TimeControl "40/5400+30:900+30"]

1. d4 Nf6 2. Bg5 e6 3. e4 h6 4. Bxf6 Qxf6 5. c3 d5 6. e5 Qd8 7. h4 c5 8. Bd3 Nc6 9. Nf3 cxd4 10. cxd4 Qb6 11. Qd2 Bd7 12. Be2 Rc8 13. Nc3 Na5 14. h5 Nc4 15. Bxc4 Rxc4 16. Rh3 Qc7 17. Rg3 b5 18. Rc1 Qa5 19. a3 Qb6 20. Qf4 a5 21. Ne2 b4 22. Nd2 Rxc1+ 23. Nxc1 Qc7 24. Nd3 bxa3 25. bxa3 Bb5 26. Nc5 Qa7 27. a4 Bc6 28. Ndb3 Qb6 29. Qd2 Bxc5 30. dxc5 Qb8 31. Qf4 O-O 32. Qf6 Qb4+ 33. Nd2 1-0

[Event "12th Arad Open 2019"]
[Site "Arad"]
[Date "2019.07.26"]
[Round "4.31"]
[White "Daianu, Cristian-Clement"]
[Black "Tampea, Radu"]
[Result "1-0"]
[ECO "B35"]
[WhiteElo "2199"]
[BlackElo "1913"]
[Annotator "NA"]
[PlyCount "79"]
[EventDate "2019.07.24"]
[EventType "swiss"]
[EventCountry "ROU"]
[SourceTitle "playchess.com"]
[Source "ChessBase"]
[SourceQuality "1"]
[TimeControl "40/5400+30:900+30"]

1. e4 c5 2. Nf3 Nc6 3. d4 cxd4 4. Nxd4 g6 5. Nc3 Bg7 6. Be3 Nf6 7. Bc4 O-O 8. Bb3 d6 9. f3 Na5 10. Qd2 a6 11. h4 Nxb3 12. axb3 h5 13. O-O-O Bd7 14. g4 b5 15. Bh6 Rc8 16. Nd5 Nxd5 17. exd5 Bf6 18. Bxf8 Kxf8 19. gxh5 Qc7 20. Kb1 Qc5 21. hxg6 Qxd5 22. gxf7 Qxf7 23. f4 Qh7 24. Rh2 Ke8 25. h5 Rc5 26. Qg2 Bxd4 27. Rxd4 Rxc2 28. Qxc2 Bf5 29. Qxf5 Qxf5+ 30. Ka2 a5 31. h6 Qh7 32. Rd5 a4 33. Rxb5 axb3+ 34. Rxb3 Kf8 35. f5 Kg8 36. f6 Kf7 37. fxe7 Qf5 38. h7 Qa5+ 39. Ra3 Qd5+ 40. b3 1-0

[Event "12th Arad Open 2019"]
[Site "Arad"]
[Date "2019.07.26"]
[Round "4.32"]
[White "Obada, Ema"]
[Black "Michalicka, Milan"]
[Result "1-0"]
[ECO "B49"]
[WhiteElo "1946"]
[BlackElo "2190"]
[Annotator "NA"]
[PlyCount "73"]
[EventDate "2019.07.24"]
[EventType "swiss"]
[EventCountry "ROU"]
[SourceTitle "playchess.com"]
[Source "ChessBase"]
[SourceQuality "1"]
[TimeControl "40/5400+30:900+30"]

1. e4 c5 2. Nf3 e6 3. d4 cxd4 4. Nxd4 Nc6 5. Nc3 Qc7 6. Be2 a6 7. Be3 Nf6 8. a3 Be7 9. O-O O-O 10. f4 d6 11. Bf3 Bd7 12. Qe1 Nxd4 13. Bxd4 e5 14. fxe5 dxe5 15. Qg3 Bc5 16. Bxc5 Qxc5+ 17. Kh1 Bc6 18. Rae1 Rad8 19. Nd5 Nxd5 20. exd5 Bb5 21. Rf2 f6 22. Rd2 Rd6 23. Red1 g6 24. h4 Kg7 25. Be4 Rfd8 26. h5 Be8 27. Rf2 Qc4 28. Re1 Bf7 29. b3 Qc5 30. a4 b5 31. axb5 axb5 32. Ref1 Qd4 33. h6+ Kxh6 34. Qh4+ Kg7 35. Rxf6 R8d7 36. Rxd6 Rxd6 37. Qe7 1-0

[Event "12th Arad Open 2019"]
[Site "Arad"]
[Date "2019.07.26"]
[Round "4.33"]
[White "Kelly, Ladislau-Endre"]
[Black "Bobocea, Laurentiu-Vlad"]
[Result "1-0"]
[ECO "B50"]
[WhiteElo "2182"]
[BlackElo "1908"]
[Annotator "NA"]
[PlyCount "111"]
[EventDate "2019.07.24"]
[EventType "swiss"]
[EventCountry "ROU"]
[SourceTitle "playchess.com"]
[Source "ChessBase"]
[SourceQuality "1"]
[TimeControl "40/5400+30:900+30"]

1. e4 c5 2. Nf3 d6 3. g3 Nf6 4. d3 Nc6 5. Bg2 g6 6. c3 Bg7 7. Nbd2 e5 8. O-O O-O 9. a4 h6 10. Nc4 Be6 11. Qe2 Rb8 12. h3 a6 13. Ne1 b5 14. axb5 axb5 15. Ne3 Qd7 16. Kh2 d5 17. f4 exf4 18. gxf4 d4 19. f5 Qd6+ 20. Kg1 dxe3 21. fxe6 fxe6 22. Ra6 Nd4 23. cxd4 Qxa6 24. dxc5 e5 25. Bxe3 Nh5 26. Qd2 Rxf1+ 27. Bxf1 Qf6 28. Nc2 g5 29. Nb4 Nf4 30. Bg2 Qe6 31. Kh2 Bf8 32. Nd5 Rd8 33. Qa5 Rxd5 34. exd5 Nxd5 35. Bxd5 Qxd5 36. Qxb5 Qf3 37. Qc4+ Kg7 38. Qe4 Qe2+ 39. Kg3 Qxb2 40. d4 Be7 41. Qxe5+ Bf6 42. Qe4 h5 43. Bf2 h4+ 44. Kg2 Qb4 45. Qd5 Qb5 46. Qe6 Qb8 47. d5 Qf4 48. Qg4 Qd2 49. Qe4 Kf7 50. Qe6+ Kg7 51. Qe4 Kf7 52. c6 Qc3 53. d6 Be5 54. Qd5+ Kg6 55. c7 Bg3 56. Qe6+ 1-0

[Event "12th Arad Open 2019"]
[Site "Arad"]
[Date "2019.07.26"]
[Round "4.34"]
[White "Bulau, Andrei-Cristian"]
[Black "Mihai, Cristian"]
[Result "1/2-1/2"]
[ECO "B12"]
[WhiteElo "2169"]
[BlackElo "1903"]
[Annotator "NA"]
[PlyCount "55"]
[EventDate "2019.07.24"]
[EventType "swiss"]
[EventCountry "ROU"]
[SourceTitle "playchess.com"]
[Source "ChessBase"]
[SourceQuality "1"]
[TimeControl "40/5400+30:900+30"]

1. e4 c6 2. d4 d5 3. e5 Bf5 4. Be2 e6 5. Nf3 Ne7 6. O-O Nd7 7. Nbd2 Ng6 8. Nb3 Bg4 9. Be3 Be7 10. h3 Bxf3 11. Bxf3 O-O 12. Bg4 Nh4 13. g3 Nf5 14. Bxf5 exf5 15. Kg2 Nb6 16. g4 Qd7 17. Qf3 f6 18. exf6 Rxf6 19. g5 Rff8 20. Bf4 Nc4 21. Rae1 Rae8 22. Re2 Nxb2 23. Rfe1 Nc4 24. Qh5 g6 25. Qh6 Bb4 26. c3 Rxe2 27. Rxe2 Ba3 28. Be5 1/2-1/2

[Event "12th Arad Open 2019"]
[Site "Arad"]
[Date "2019.07.26"]
[Round "4.35"]
[White "Isfan, Ioan-Marius"]
[Black "Bonte, Arghir"]
[Result "1-0"]
[ECO "D02"]
[WhiteElo "2164"]
[BlackElo "1898"]
[Annotator "NA"]
[PlyCount "63"]
[EventDate "2019.07.24"]
[EventType "swiss"]
[EventCountry "ROU"]
[SourceTitle "playchess.com"]
[Source "ChessBase"]
[SourceQuality "1"]
[TimeControl "40/5400+30:900+30"]

1. d4 d5 2. Nf3 e6 3. c4 c6 4. Qc2 Nf6 5. Nbd2 Bb4 6. a3 Bxd2+ 7. Bxd2 h6 8. e3 Ne4 9. Bc1 Nd7 10. Bd3 f5 11. b4 O-O 12. O-O Ng5 13. Ne5 Nxe5 14. dxe5 Qe8 15. a4 h5 16. f3 h4 17. e4 f4 18. b5 h3 19. Ba3 Rf7 20. exd5 exd5 21. Bg6 Qxe5 22. Rfe1 Qd4+ 23. Qf2 Qxf2+ 24. Kxf2 Bf5 25. Bxf7+ Nxf7 26. cxd5 cxb5 27. axb5 Rd8 28. d6 Bd3 29. b6 axb6 30. gxh3 Bf5 31. h4 Nxd6 32. Rad1 1-0

[Event "12th Arad Open 2019"]
[Site "Arad"]
[Date "2019.07.26"]
[Round "4.36"]
[White "Stanciu, Andreea-Briana"]
[Black "Pavlenko, Bogdan"]
[Result "1/2-1/2"]
[ECO "B07"]
[WhiteElo "1917"]
[BlackElo "2164"]
[Annotator "NA"]
[PlyCount "79"]
[EventDate "2019.07.24"]
[EventType "swiss"]
[EventCountry "ROU"]
[SourceTitle "playchess.com"]
[Source "ChessBase"]
[SourceQuality "1"]
[TimeControl "40/5400+30:900+30"]

1. d4 d6 2. e4 Nf6 3. Nc3 c6 4. f4 Qa5 5. Bd3 e5 6. Nf3 Nbd7 7. O-O Be7 8. Kh1 O-O 9. Qe1 Qc7 10. fxe5 dxe5 11. Nxe5 Nxe5 12. dxe5 Qxe5 13. Bf4 Qh5 14. Qg3 Qg4 15. Qxg4 Bxg4 16. h3 Be6 17. Rad1 Rfd8 18. a3 Rd7 19. Be2 Rad8 20. Rxd7 Rxd7 21. Rd1 Kf8 22. Bf3 Ke8 23. Be3 Rxd1+ 24. Nxd1 a6 25. Nf2 Nd7 26. Nd3 Bf6 27. b3 Ne5 28. Bd1 Ke7 29. Bc5+ Ke8 30. Nf4 Ng6 31. Nxe6 fxe6 32. Bh5 Kf7 33. Kg1 Be5 34. Kf2 Kf6 35. g3 Bc7 36. Bd4+ Ne5 37. Be2 Kf7 38. a4 Ke7 39. b4 Bd6 40. c3 1/2-1/2

[Event "12th Arad Open 2019"]
[Site "Arad"]
[Date "2019.07.26"]
[Round "4.37"]
[White "Anghel, Iulian-Mihai"]
[Black "Mozes, Ervin"]
[Result "0-1"]
[ECO "A80"]
[WhiteElo "1900"]
[BlackElo "2121"]
[Annotator "NA"]
[PlyCount "60"]
[EventDate "2019.07.24"]
[EventType "swiss"]
[EventCountry "ROU"]
[SourceTitle "playchess.com"]
[Source "ChessBase"]
[SourceQuality "1"]
[TimeControl "40/5400+30:900+30"]

1. d4 f5 2. Nf3 Nf6 3. c4 d6 4. Nc3 g6 5. Bg5 Bg7 6. Bxf6 Bxf6 7. e4 Nc6 8. Be2 O-O 9. Qd2 e5 10. d5 Nd4 11. h4 fxe4 12. Nxe4 Nxe2 13. Qxe2 Bg4 14. Qe3 Bxf3 15. gxf3 Bxh4 16. O-O-O Rf4 17. Rh3 Qe7 18. Rdh1 b6 19. Kb1 Raf8 20. Qd3 R8f5 21. R1h2 Kf8 22. Qf1 h5 23. Qh1 g5 24. Qg2 Qf7 25. Rxh4 Rxh4 26. Rxh4 gxh4 27. Ng5 Qg6 28. Ne6+ Kf7 29. Qh2 h3 30. Qh1 Rg5+ 0-1

[Event "12th Arad Open 2019"]
[Site "Arad"]
[Date "2019.07.26"]
[Round "4.38"]
[White "Popa-Matei, Viorel-Ovidiu"]
[Black "Nicora, Cristi"]
[Result "1-0"]
[ECO "B21"]
[WhiteElo "1895"]
[BlackElo "2102"]
[Annotator "NA"]
[PlyCount "87"]
[EventDate "2019.07.24"]
[EventType "swiss"]
[EventCountry "ROU"]
[SourceTitle "playchess.com"]
[Source "ChessBase"]
[SourceQuality "1"]
[TimeControl "40/5400+30:900+30"]

1. e4 c5 2. d4 cxd4 3. c3 dxc3 4. Nxc3 Nc6 5. Bc4 e6 6. Nf3 a6 7. Qe2 b5 8. Bb3 Bb7 9. O-O Nge7 10. Rd1 Ng6 11. Be3 Be7 12. Rd2 O-O 13. Rad1 Bc8 14. g3 Qa5 15. h4 d6 16. Bg5 f6 17. h5 Nge5 18. Nxe5 Nxe5 19. Bf4 Kh8 20. Kg2 b4 21. Nb1 Bd7 22. Bxe5 fxe5 23. Rc2 Bb5 24. Qg4 Rf6 25. Nd2 d5 26. exd5 Bd3 27. Nc4 Qxd5+ 28. Kg1 Raf8 29. Ne3 Qb5 30. Rcd2 e4 31. Kg2 Bc5 32. Qg5 Qb6 33. Rc1 Bd4 34. Ng4 Rf5 35. Qe7 Bxf2 36. h6 Bd4 37. Rc7 Bf1+ 38. Kh1 Rh5+ 39. Nh2 Rg8 40. Bxe6 Rg5 41. Rxd4 Bg2+ 42. Kxg2 Qb5 43. hxg7+ R5xg7 44. Qxg7+ 1-0